Unix NetHack Version 3.7.0-101 Work-in-progress - last build Mar 25 2024 11:18:41 (462964f8eaac915e699fc3a71b43428251fec12b,branch:master). Game began 2024-03-30 12:17:21, ended 2024-03-31 09:53:29. elenmirie, neutral female gnomish Archeologist ----- |(/@| ------------ --------- |.SH| ----------- |..........| |....`..| |..(| |.........-## |..........| |.......| |.._.# |.........| # |........... |..>....| #...*|# #..._......| #### |....%.....| ##-.......| ###--|--# ###|._..[....| ## -------.---- # |.......| # #### # |...._....| # ------- # # |........## ## # |.........| # |.....| # ##### --------- ## # ----------- ##...*..| ##### ## ### # |..<..| -.---- # # # ## +.....| |....| # ### ## # |.....| |.....## #----.-# ------- |....| #|.....# ------ #|....| #-....| ------ Elenmirie the Investigator St:13 Dx:14 Co:17 In:12 Wi:14 Ch:8 Neutral Dlvl:6 $:106 HP:0(61) Pw:43(43) AC:-4 Xp:8/2224 T:14255 Stun Latest messages: You must have been working on your reflexes. In what direction? j You kick a worthless piece of violet glass. You see the garter snake slither under a wand of lightning. You find a garter snake. You see the garter snake slither under a chest. You find a garter snake. You see the garter snake slither under a chest. You see the garter snake slither under a leash. You stop searching. In what direction? j The throwing star hits the floating eye! The homunculus turns into an energy vortex! In what direction? j You kill the floating eye! The energy vortex turns into a dog! The dog turns into a barbed devil! You lash the barbed devil. The barbed devil hits! The barbed devil hits again! The barbs stick to you! The barbed devil misses! You lash the barbed devil. The barbed devil hits! The barbed devil hits again! The barbed devil misses! You lash the barbed devil. The barbed devil hits! The barbed devil hits again! The barbed devil stings! The barbed devil turns into a rock piercer! You lash the rock piercer! The rock piercer turns into an ettin! You lash the ettin! The ettin hits! The ettin knocks you back with a powerful blow! Ouch! You stagger... The ettin hits again! The ettin hits! The ettin hits again! The ettin knocks you back with a powerful blow! Ouch! You hear the howling of the CwnAnnwn... You die... Do you want your possessions identified? [ynq] (y) y Do you want to see your attributes? [ynq] (y) y Do you want an account of creatures vanquished? [ynaq] (y) y Do you want to see your conduct and achievements? [ynq] (y) y Do you want to see the dungeon overview? [ynq] (y) y Inventory: Coins $ - 106 gold pieces Weapons v - 2 cursed +0 shuriken (at the ready) a - an uncursed +2 bullwhip (weapon in right hand) W - the uncursed rustproof +0 Giantslayer Armor N - a blessed +1 dwarvish iron helm (being worn) h - an uncursed +0 pair of iron shoes (being worn) l - an uncursed +5 elven cloak x - a blessed rotted +2 mummy wrapping (being worn) O - an uncursed +1 dwarvish mithril-coat (being worn) Comestibles d - 4 uncursed food rations L - an uncursed lizard corpse Rings y - a blessed +2 ring of adornment b - a blessed +1 ring of increase accuracy (on right hand) m - a cursed ring of see invisible Wands i - an uncursed wand of cold (0:3) I - an uncursed wand of digging (0:8) Z - an uncursed wand of digging (0:3) z - an uncursed wand of enlightenment (0:10) o - an uncursed wand of light (0:10) s - an uncursed wand of nothing (0:3) A - an uncursed wand of secret door detection (0:13) V - an uncursed wand of sleep (0:1) F - an uncursed wand of undead turning (0:2) Tools w - an uncursed sack containing 4 items f - an uncursed can of grease (0:13) e - an uncursed lock pick t - an uncursed tinning kit (0:45) K - a cursed towel u - an uncursed +0 unicorn horn Gems/Stones j - an uncursed citrine stone g - an uncursed touchstone Contents of the sack: 2329 gold pieces an uncursed scroll of teleportation an uncursed potion of water an uncursed +0 pick-axe Elenmirie the Archeologist's attributes: Background: You were an Investigator, a level 8 female gnomish Archeologist. You were neutral, on a mission for Camaxtli who was opposed by Quetzalcoatl (lawful) and Huhetotl (chaotic). You were right-handed. You were in the Dungeons of Doom, on level 6. You entered the dungeon 14255 turns ago. You had 2224 experience points, 336 more were needed to attain level 9. Basics: You had 0 out of 61 hit points. You had all 43 energy points (spell power). Your armor class was -4. Your wallet contained 106 zorkmids, and you had 2329 more stashed away in your pack. Autopickup was on for '$' plus thrown. Final Characteristics: Your strength was 13 (peak:14, limit:18/50). Your dexterity was 14 (limit:18). Your constitution was 17 (peak:18, limit:18). Your intelligence was 12 (limit:19). Your wisdom was 14 (limit:18). Your charisma was 8 (limit:18). Final Status: You were stunned. You weren't hungry. You were unencumbered. You were wielding a whip. You had expert skill with whip. Final Attributes: You were piously aligned. You were cold resistant. You were telepathic. You had automatic searching. You had infravision. You were visible. You were stealthy. You had a small bonus to hit (+1). You were guarded. You were very lucky. You are dead. Miscellaneous: You never encountered a bones level. Total elapsed playing time was 1 hour, 52 minutes and 20 seconds. Major events: Turn 1: elenmirie the neutral female gnomish Archeologist entered the dungeon 817: entered the Gnomish Mines 847: attained the rank of Field Worker (level 3) 1420: reached Mine Town 4632: attained the rank of Investigator (level 6) 8778: entered Sokoban 9170: completed 1st Sokoban level 9860: completed 2nd Sokoban level 10721: completed 3rd Sokoban level 12070: was bestowed with Giantslayer by Camaxtli 14255: killed by a chameleon imitating an ettin, while moving through the air Vanquished creatures: a tiger a leocrotta a wraith an ettin zombie 2 giant beetles a quivering blob 2 winter wolf cubs a leprechaun a vampire bat 3 orc mummies a dwarf mummy 2 brown puddings a yeti a gold golem 2 lizards a chickatrice 2 dingoes 2 jaguars a dwarf leader 2 white unicorns a plains centaur 2 gnome mummies a human zombie a soldier ant a bugbear 3 imps 2 quasits 2 wood nymphs a water nymph 2 Mordor orcs 13 Uruk-hai 2 orc shamans 2 rock piercers a rock mole 2 ponies 2 shriekers 2 violet fungi a gnome leader a gray ooze 2 elf zombies a ghoul 2 straw golems a paper golem a baby crocodile 10 floating eyes 3 dwarves 2 homunculi 3 kobold leaders 12 hill orcs 17 rothes 3 rabid rats a centipede 3 giant bats 2 monkeys 2 dwarf zombies 2 wererats 2 werejackals 6 iguanas 2 killer bees 2 acid blobs 2 coyotes 4 hobbits 14 manes 2 large kobolds 5 hobgoblins 6 giant rats 5 cave spiders a brown mold 4 yellow molds a green mold 3 gnomes a garter snake 2 gnome zombies 10 geckos 10 jackals a fox 9 goblins 3 sewer rats 11 grid bugs 6 lichens 2 kobold zombies 14 newts 266 creatures vanquished. No species were genocided or became extinct. Voluntary challenges: You read items or engraved 6 times. You never engraved Elbereth. You never genocided any monsters. You never polymorphed an object. You never changed form. You used no wishes. You did not violate any of the special Sokoban rules. Achievements: You entered the Gnomish Mines. You attained the rank of Field Worker. You entered Minetown. You entered a temple. You entered a shop. You attained the rank of Investigator. You entered Sokoban. The Dungeons of Doom: levels 1 to 8 Level 1: Level 2: Stairs down to The Gnomish Mines. Level 3: Level 4: Level 5: Level 6: <- You were here. Many altars. Final resting place for you, killed by a chameleon imitating an ettin, while moving through the air. Level 7: Oracle of Delphi. Level 8: Stairs up to Sokoban, level 7. The Gnomish Mines: levels 3 to 5 Level 3: Level 4: Level 5: A temple and an altar, some fountains. Sokoban: levels 7 up to 5 Level 5: Solved. Level 6: Solved. Level 7: Solved. Game over: ---------- / \ / REST \ / IN \ / PEACE \ / \ | elenmirie | | 2435 Au | | killed by a | | chameleon | | imitating an | | ettin | | 2024 | *| * * * | * _________)/\\_//(\/(/\)/\//\/|_)_______ Goodbye elenmirie the Archeologist... You died in The Dungeons of Doom on dungeon level 6 with 11384 points, and 2435 pieces of gold, after 14255 moves. You were level 8 with a maximum of 61 hit points when you died.